 Dungeon Crawl Stone Soup version 0.29.1-15-g9cfb28693d (webtiles) character file.

Game seed: 12169251773414608857

116 leafyfresh the Sneak (level 5, 0/37 HPs)
             Began as an Octopode Delver on Apr 14, 2023.
             Slain by a lemure (2 damage)
             ... led by Pikel
             ... on level 5 of the Dungeon.
             The game lasted 00:00:49 (313 turns).

leafyfresh the Sneak (Octopode Delver)               Turns: 313, Time: 00:00:51

Health: 0/37       AC:  1    Str: 11    XL:     5   Next: 0%
Magic:  5/5        EV: 14    Int: 15    God:
Gold:   17         SH:  0    Dex: 13    Spells: 4/4 levels left

rFire   . . .      SeeInvis .   a - +0 short sword
rCold   . . .      Faith    .   (no shield)
rNeg    . . .      Spirit   .   (helmet restricted)
rPois   .          Reflect  .   (no amulet)
rElec   .          Harm     .   (no ring)
rCorr   .          Rampage  .   (no ring)
Will    .....                   (no ring)
Stlth   +++++.....              (no ring)
HPRegen 0.12/turn               (no ring)
MPRegen 0.09/turn               (no ring)
                                (no ring)
                                (no ring)

@: no status effects
A: almost no armour, amphibious, 8 rings, camouflage 1, gelatinous body 1,
(nimble swimmer 1), tentacles
a: no special abilities


You were on level 5 of the Dungeon.
You visited 1 branch of the dungeon, and saw 2 of its levels.

You collected 17 gold pieces.

Inventory:

Hand Weapons
 a - a +0 short sword (weapon)
Wands
 f - a wand of digging (3)
Scrolls
 b - a scroll of fog
 c - a scroll of magic mapping
 g - a scroll of immolation {unknown}
Potions
 e - a potion of haste


   Skills:
 + Level 4.0 Fighting
 - Level 2.0 Short Blades
 + Level 3.2 Dodging
 + Level 7.6 Stealth


You had 4 spell levels left.
You didn't know any spells.
Your spell library was empty.

Dungeon Overview and Level Annotations

Branches:
Dungeon (5/15)
 Temple: D:4-7

Altars:

Annotations:
D:4 Pikel


Innate Abilities, Weirdness & Mutations

You cannot wear most types of armour.
You are amphibious.
You can wear up to eight rings at the same time.
Your skin changes colour to match your surroundings (Stealth+).
Your rubbery body absorbs attacks. (AC +1, EV +1)
((You are camouflaged when in or above water. (Stealth+)))
You have tentacles for arms and can constrict up to eight enemies at once.


Message History

The orc hits you with a +0 short sword.
There is a stone staircase leading up here.
Unknown command.
As you read the scroll of fear, it crumbles to dust.
You assume a fearsome visage.
The orc priest looks frightened!
The orc looks frightened!
Unknown command.
You climb upwards.
Reactivating autopickup.
Pikel shouts!
The lemure shouts! x2; The adder hisses angrily.
The lemure shouts! x2
There is a stone staircase leading down here.
There are monsters nearby!
There are monsters nearby!
The lemure barely misses you. The lemure hits you.
You climb downwards.
There is a stone staircase leading up here.
The lemure barely misses you. The lemure attacks as you move away!
The lemure misses you. The lemure attacks as you move away!
The lemure hits you!
* * * LOW HITPOINT WARNING * * *
The lemure attacks as you move away! The lemure closely misses you.
The lemure attacks as you move away! The lemure hits you.
* * * LOW HITPOINT WARNING * * *
There is a stone staircase leading up here.
You hit the lemure. You grab the lemure.
The lemure is lightly wounded.
You constrict the lemure.
The lemure struggles to escape constriction.
You hit the lemure but do no damage.
The lemure is lightly wounded.
You constrict the lemure.
The lemure escapes!
You hit the lemure but do no damage. You grab the lemure.
You squeeze the lemure.
The lemure is lightly wounded.
You constrict the lemure, but do no damage.
The lemure hits you.
* * * LOW HITPOINT WARNING * * *
The lemure hits you.
You die...

#### ..# ########{.#
#.# ##.........###.#
##...........##.#
#............##.#
.o...........##.#
.......<....##5.##
$............5@..##
...........#####..##
..........## ##..##
.........## ##..###
.......### ##...####
.....## ######
#......# #####
##.....##..###....
...........# ##.
........#..#


You could see 2 lemures.

Vanquished Creatures
  A water moccasin (D:5)
  An adder (D:5)
  An ufetubus (D:5)
  An orc (D:5)
4 creatures vanquished.

Notes
Turn   | Place    | Note
-------+----------+-------------------------------------------
     0 | D:5      | leafyfresh the Octopode Delver began the quest for the Orb.
     0 | D:5      | Reached XP level 1. HP: 16/16 MP: 1/1
   117 | D:5      | Noticed an ogre
   248 | D:5      | Noticed a water moccasin
   257 | D:5      | Killed a water moccasin
   258 | D:5      | Reached skill level 7 in Stealth
   258 | D:5      | Reached XP level 2. HP: 21/22 MP: 2/2
   258 | D:5      | Reached XP level 3. HP: 26/27 MP: 3/3
   258 | D:5      | Reached XP level 4. HP: 32/33 MP: 4/4
   268 | D:5      | Reached XP level 5. HP: 37/37 MP: 5/5
   301 | D:4      | Noticed Pikel
   301 | D:4      | Noticed a lemure
   301 | D:4      | Noticed a lemure
   301 | D:4      | Noticed a lemure
   301 | D:4      | Noticed a lemure
   313 | D:5      | Slain by a lemure

Illustrated notes

Levels and vault maps discovered:
D:4:      layout_basic, gammafunk_temple_overflow_claw, general_overflow_altar,
          minmay_temple_entry_tees, uniq_pikel, uniq_robin
D:5:      layout_cave_pods, minmay_holes

Skill      XL: |  1  2  3  4 |
---------------+-------------+-----
Dodging        | 3 |  3.2
Stealth        | 7 |  7.6
Fighting       | 4 |  4.0
Short Blades   | |  2.0

Action                   |  1- 3 |  4- 6 || total
-------------------------+-------+-------++-------
Melee: Short sword       |     7 |     8 ||    15
       Tentacles         |     2 |     3 ||     5
       Constrict         |       |     4 ||     4
  Use: Scroll            |       |     1 ||     1
 Stab: Sleeping          |     1 |     2 ||     3
Dodge: Dodged            |     3 |     5 ||     8
